 Dungeon Crawl Stone Soup version 0.19.5 (webtiles) character file.

39131 Goboxel the Cleaver (level 13, -2/103 HPs)
             Began as a Demonspawn Gladiator on Apr 4, 2017.
             Was a High Priest of Makhleb.
             Slain by a komodo dragon (22 damage)
             ... on level 6 of the Lair of Beasts.
             The game lasted 00:49:10 (19811 turns).

Goboxel the Cleaver (Demonspawn Gladiator)         Turns: 19811, Time: 00:49:11

Health: -2/103     AC: 17    Str: 18    XL:     13   Next: 67%
Magic:  0/17       EV: 20    Int: 10    God:    Makhleb [*****.]
Gold:   361        SH:  6    Dex: 20    Spells: 0 memorised, 12 levels left

rFire  . . .     SeeInvis .     b - +2 flail (protect)
rCold  . . .     Gourm    .     F - +1 ring mail "Pugaeroq" {rElec Dex+2 Slay+4}
rNeg   . . .     Faith    .     (no shield)
rPois  .         Spirit   +     t - +0 hat
rElec  +         Reflect  +     N - +0 cloak
rCorr  .         Harm     .     (no gloves)
MR     +....                    d - +0 pair of boots {Fly}
Stlth  +.........               z - +6 amulet of reflection
                                c - +2 ring of strength
                                y - ring of protection from magic

@: about to teleport, protection aura
A: antennae 2, repulsion field 2, foul stench 1, magic shield, magic
regeneration, rot immunity
a: Minor Destruction, Lesser Servant of Makhleb, Major Destruction, Greater
Servant of Makhleb, Renounce Religion, Evoke Flight


You were on level 6 of the Lair of Beasts.
You worshipped Makhleb.
Makhleb was extremely pleased with you.
You were not hungry.

You visited 3 branches of the dungeon, and saw 18 of its levels.
You also visited: Sewer.

You collected 1024 gold pieces.
You spent 663 gold pieces at shops.

Inventory:

Hand Weapons
 a - a +0 war axe
 b - a +2 flail of protection (weapon)
Armour
 d - a +0 pair of boots of flying (worn)
 t - a +0 hat (worn)
 F - the +1 ring mail "Pugaeroq" (worn) {rElec Dex+2 Slay+4}
   (You bought it in a shop on level 7 of the Dungeon)

   It affects your dexterity (+2).
   It affects your accuracy and damage with ranged weapons and melee attacks
   (+4).
   It insulates you from electricity.
 N - a +0 cloak (worn)
Jewellery
 c - a +2 ring of strength (right hand)
 e - an uncursed ring of magical power
 j - an uncursed ring of protection from magic
 u - an uncursed ring of ice
 y - a ring of protection from magic (left hand)
 z - a +6 amulet of reflection (around neck)
 K - an uncursed amulet of regeneration
Wands
 g - a wand of lightning (8/15)
 r - a wand of digging (11/24)
 s - a wand of iceblast (3/15)
 G - a wand of teleportation (9/9)
 M - a wand of lightning (2/15)
 O - a wand of flame (20/48)
 Q - a wand of lightning (9/15)
Scrolls
 i - 2 scrolls of enchant armour
 k - 2 scrolls of remove curse
 l - 3 scrolls of magic mapping
 p - a scroll of recharging
 C - 2 scrolls of teleportation
 E - a scroll of blinking
 L - 6 scrolls of identify
 P - a scroll of amnesia
Potions
 h - a potion of magic
 m - a potion of flight
 o - 6 potions of brilliance
 v - a potion of cancellation
 x - a potion of ambrosia
 A - 2 potions of resistance
 D - a potion of curing
 H - a potion of might
 R - a potion of cure mutation {unknown}
 S - a potion of mutation {unknown}
Comestibles
 f - 10 bread rations
 n - 8 meat rations
 q - 5 slices of pizza
 w - 6 royal jellies
 B - 8 chunks of flesh
 I - 8 fruits
 J - 6 beef jerkies


   Skills:
 + Level 10.1 Fighting
 + Level 11.6(13.2) Axes
 + Level 11.0(12.9) Maces & Flails
 - Level 1.7 Throwing
 + Level 8.1 Armour
 + Level 8.6 Dodging
 * Level 6.5 Invocations
 + Level 1.3 Evocations


You had 12 spell levels left.
You didn't know any spells.

Dungeon Overview and Level Annotations

Branches:
Dungeon (11/15)            Temple (1/1) D:6            Lair (5/6) D:8
 Shoals (0/4) Lair:3        Snake (0/4) Lair:4          Orc (0/2) D:9
  Slime: Lair:5-6

Altars:
Ashenzari
Cheibriados
Dithmenos
Elyvilon
Fedhas
Gozag
Hepliaklqana
Kikubaaqudgha
Makhleb
Nemelex Xobeh
Okawaru
Qazlal
Ru
Sif Muna
Trog
Uskayaw
Vehumet
Xom
Yredelemnul
Zin
The Shining One

Shops:
D:7 %[   D:9 =


Innate Abilities, Weirdness & Mutations

You have a pair of antennae on your head.
You are surrounded by a moderate repulsion field. (EV +3)
You may emit foul miasma when damaged in melee.
When hurt, damage is shared between your health and your magic reserves.
You regenerate magic rapidly.
You are immune to rotting.


Message History

The spiny frog barely misses you. The komodo dragon closely misses you.
Wield which item (- for none, * to show all)? (? for menu, Esc to quit)
Your +2 flail of protection hums with potential!
b - a +2 flail of protection (weapon)
The seven-headed hydra barely misses you.
The seven-headed hydra closely misses you.
The seven-headed hydra bites you!
* * * LOW HITPOINT WARNING * * *
The seven-headed hydra bites you but does no damage. x2
You block the seven-headed hydra's attack.
The seven-headed hydra bites you.
* * * LOW HITPOINT WARNING * * *
A catoblepas comes into view.
Unknown command.
The catoblepas bellows!
You hit the spiny frog.
Your weapon exudes an aura of protection.
The spiny frog is heavily wounded.
The spiny frog barely misses you. The komodo dragon bites you!!
You die...

## ... ##
.... #P##
#....#..##
#.......l##
...#.#@F.#
Y.....D§...#
#....#=F....#
....
#.%.....# .##
##P$....#
#..%..##
#######


You could see a catoblepas, a seven-headed hydra, a komodo dragon and 2 spiny
frogs.

Vanquished Creatures
  Fannar (Lair:1)
  A hydra (Lair:6)
  The ghost of yann the Cleaver, a novice MiBe of Trog (D:8)
  Erica (D:11)
  3 hill giants
  A lindwurm (Lair:1)
  Pikel (D:4)
  3 ugly things
  Maurice (D:10)
  4 black mambas
  8 spiny frogs
  A gargoyle (D:11)
  3 kobold demonologists (D:11)
  7 komodo dragons
  2 rime drakes
  3 two-headed ogres
  7 polar bears
  A hornet (Lair:2)
  11 hippogriffs
  11 blink frogs
  A human (D:10)
  A vampire (D:11)
  4 wyverns
  A shadow (D:11)
  Grum (D:8)
  3 hogs (D:10)
  59 yaks
  2 hungry ghosts
  A basilisk (Lair:3)
  A mottled dragon (D:11)
  3 nagas (Lair:4)
  A steam dragon (D:10)
  Edmund (D:4)
  9 porcupines
  8 water moccasins
  4 orc warriors
  A black bear (D:11)
  2 ice beasts
  5 sky beasts
  A slave (D:3)
  A phantom (D:9)
  4 ogres
  2 wolves (D:8)
  8 centaurs
  8 crocodiles
  3 big kobolds
  5 bullfrogs
  A water moccasin skeleton (D:6)
  15 killer bees
  4 electric eels
  A howler monkey (D:5)
  3 bullfrog zombies
  5 crimson imps
  5 hounds
  3 jellies
  2 quasits
  6 orc priests
  3 bullfrog skeletons
  2 centaur skeletons
  6 orc wizards
  An iguana (D:9)
  6 worker ants
  A hound skeleton (D:5)
  A howler monkey skeleton (D:11)
  3 gnolls (D:6)
  16 adders
  4 river rats
  A shadow imp (D:6)
  An ooze (D:2)
  An adder zombie (D:9)
  A worm (D:2)
  2 dart slugs
  5 leopard geckos
  31 orcs
  A ball python (D:1)
  7 giant cockroaches
  A gnoll zombie (D:8)
  7 goblins
  9 hobgoblins
  13 jackals
  7 kobolds
  3 quokkas
  9 bats
  3 frilled lizards
  A jackal skeleton (D:6)
  A leopard gecko skeleton (D:7)
  A quokka zombie (D:9)
  17 rats
  A fungus (D:8)
  A plant (Lair:4)
423 creatures vanquished.

Vanquished Creatures (collateral kills)
  A blink frog (Lair:2)
  6 yaks (Lair:2)
  A crocodile (Lair:2)
8 creatures vanquished.

Vanquished Creatures (others)
  A slave (D:4)
  A worker ant (D:4)
  An ooze (D:4)
  9 fungi
  5 plants
17 creatures vanquished.

Grand Total: 448 creatures vanquished

Notes
Turn   | Place    | Note
-------+----------+-------------------------------------------
     0 | D:1      | Goboxel the Demonspawn Gladiator began the quest for the Orb.
     0 | D:1      | Reached XP level 1. HP: 16/16 MP: 1/1
   372 | D:1      | Gained mutation: You are immune to rotting. [demonic ancestry]
   372 | D:1      | Reached XP level 2. HP: 22/22 MP: 2/2
   773 | D:1      | Found a hide-covered altar of Uskayaw.
   859 | D:2      | Gained mutation: When hurt, damage is shared between your health and your magic reserves. [demonic ancestry]
   859 | D:2      | Reached XP level 3. HP: 14/27 MP: 3/3
  1299 | D:2      | Reached skill level 1 in Armour
  1645 | D:2      | Gained mutation: You are surrounded by a mild repulsion field. (EV +2) [demonic ancestry]
  1645 | D:2      | Reached XP level 4. HP: 30/34 MP: 2/4
  2392 | D:3      | Found a hide-covered altar of Uskayaw.
  2392 | D:3      | Found a shimmering altar of Xom.
  2392 | D:3      | Found a blossoming altar of Fedhas.
  2395 | D:3      | Found a glowing golden altar of the Shining One.
  2396 | D:3      | Found a hazy altar of Hepliaklqana.
  2399 | D:3      | Found a sparkling altar of Nemelex Xobeh.
  2571 | D:4      | Reached XP level 5. HP: 25/40 MP: 3/5
  2781 | D:4      | Noticed Pikel
  2781 | D:4      | Noticed a slave
  2781 | D:4      | Noticed a slave
  2782 | D:4      | Noticed Edmund
  2782 | D:4      | Noticed a slave
  2783 | D:4      | Noticed a slave
  2814 | D:3      | Killed a slave
  3013 | D:5      | Entered Level 5 of the Dungeon
  3013 | D:5      | Noticed a centaur
  3023 | D:5      | Killed a centaur
  3069 | D:5      | Gained mutation: You are surrounded by a moderate repulsion field. (EV +3) [demonic ancestry]
  3069 | D:5      | Reached XP level 6. HP: 47/47 MP: 6/6
  3102 | D:5      | Noticed a sky beast
  3104 | D:5      | Noticed a sky beast
  3126 | D:4      | Killed a sky beast
  3126 | D:4      | Reached skill level 5 in Axes
  3155 | D:4      | Killed Pikel
  3155 | D:4      | Reached XP level 7. HP: 18/54 MP: 2/7
  3406 | D:4      | Killed Edmund
  3419 | D:4      | Found a bloodstained altar of Trog.
  3910 | D:5      | Reached XP level 8. HP: 52/60 MP: 6/8
  4925 | D:6      | Found a staircase to the Ecumenical Temple.
  5045 | D:6      | Found a glowing drain.
  5069 | Sewer    | Entered a sewer
  5233 | Sewer    | Found a white marble altar of Elyvilon.
  5945 | D:6      | Found a white marble altar of Elyvilon.
  5986 | D:6      | Found a radiant altar of Vehumet.
  6126 | D:7      | Reached skill level 1 in Maces & Flails
  6178 | D:7      | Noticed a hippogriff
  6284 | D:8      | Found a sand-covered staircase.
  6319 | D:7      | Killed a hippogriff
  6319 | D:7      | Reached skill level 5 in Fighting
  6319 | D:7      | Gained mutation: You have a pair of small antennae on your head. [demonic ancestry]
  6319 | D:7      | Reached XP level 9. HP: 25/68 MP: 4/9
  6403 | Temple   | Entered the Ecumenical Temple
  6453 | Temple   | Became a worshipper of Makhleb the Destroyer
  6551 | D:7      | Found Gexzuude's Antique Armour Shop.
  6559 | D:7      | Bought a pair of embroidered boots for 357 gold pieces
  6661 | D:7      | Reached skill level 5 in Dodging
  7102 | D:7      | Found Janebila's Food Boutique.
  7353 | D:8      | Reached skill level 5 in Armour
  7362 | D:8      | Noticed yann's ghost (novice MiBe)
  7379 | D:8      | Reached * piety under Makhleb
  7393 | D:8      | Killed yann's ghost
  7393 | D:8      | Reached skill level 5 in Maces & Flails
  7393 | D:8      | Gained mutation: You may emit foul miasma when damaged in melee. [demonic ancestry]
  7393 | D:8      | Reached XP level 10. HP: 57/76 MP: 5/10
  7821 | D:8      | Noticed Grum
  7868 | D:8      | Killed Grum
  8233 | D:8      | Found a staircase to the Lair.
  8893 | D:9      | Reached ** piety under Makhleb
  9092 | D:9      | Found a stormy altar of Qazlal.
  9443 | D:9      | Found Cifaythu's Jewellery Shoppe.
  9752 | D:9      | Found a staircase to the Orcish Mines.
 10458 | D:10     | Entered Level 10 of the Dungeon
 10498 | D:10     | Noticed Maurice
 10508 | D:10     | Reached *** piety under Makhleb
 10508 | D:10     | Reached skill level 1 in Invocations
 10859 | D:10     | Reached XP level 11. HP: 83/84 MP: 12/12
 10874 | D:10     | Killed Maurice
 11422 | D:10     | Noticed a death yak
 11468 | D:11     | Noticed a purple ugly thing
 11879 | D:10     | Noticed a hill giant
 12221 | D:10     | Killed a hill giant
 12257 | D:10     | Reached skill level 1 in Evocations
 12400 | D:10     | Killed a purple ugly thing
 12400 | D:10     | Reached **** piety under Makhleb
 12480 | D:11     | Noticed a hill giant
 12481 | D:11     | Noticed a purple ugly thing
 12487 | D:11     | Killed a hill giant
 12487 | D:11     | Killed a purple ugly thing
 12489 | D:11     | Noticed Erica
 12513 | D:11     | Killed Erica
 12519 | D:11     | Gained mutation: You have a pair of antennae on your head. [demonic ancestry]
 12519 | D:11     | Reached XP level 12. HP: 81/94 MP: 12/14
 12831 | D:11     | Reached skill level 10 in Maces & Flails
 13719 | Lair:1   | Entered Level 1 of the Lair of Beasts
 14704 | Lair:1   | Noticed Fannar
 16236 | Lair:2   | Reached skill level 10 in Axes
 16722 | D:7      | Bought a faintly glowing ring mail for 306 gold pieces
 16732 | D:7      | Identified the cursed +1 ring mail "Pugaeroq" {rElec Dex+2 Slay+4} (You bought it in a shop on level 7 of the Dungeon)
 16847 | Lair:1   | Killed Fannar
 17455 | Lair:3   | Reached ***** piety under Makhleb
 17455 | Lair:3   | Gained mutation: You regenerate magic rapidly. [demonic ancestry]
 17455 | Lair:3   | Reached XP level 13. HP: 98/101 MP: 16/16
 17543 | Lair:3   | Found a staircase to the Shoals.
 18055 | Lair:4   | Found a staircase to the Snake Pit.
 18919 | Lair:5   | Reached skill level 5 in Invocations
 19650 | Lair:5   | Reached skill level 10 in Fighting
 19795 | Lair:5   | You fall through a shaft!
 19795 | Lair:6   | Entered Level 6 of the Lair of Beasts
 19811 | Lair:6   | Slain by a komodo dragon

Skill      XL: |  1  2  3  4  5  6  7  8  9 10 11 12 13 |
---------------+----------------------------------------+-----
Dodging        | 3 4 5 6 7 8 |  8.6
Axes           | 3 4 6 8 9 10 11 | 11.6
Armour         | 1 2 4 5 6 7 8 |  8.1
Fighting       | 3 4 5 7 8 9 10 | 10.1
Maces & Flails | 1 5 7 9 10 11 | 11.0
Invocations    | 1 2 4 6 |  6.5
Evocations     | 1 |  1.3
Throwing       | |  1.7

Action                   |  1- 3 |  4- 6 |  7- 9 | 10-12 | 13-15 || total
-------------------------+-------+-------+-------+-------+-------++-------
Melee: War axe           |   119 |   148 |   150 |   265 |   176 ||   858
       Whip              |       |       |   106 |       |       ||   106
       Flail             |       |       |   126 |   931 |   135 ||  1192
Invok: Lesser Servant of |       |       |       |     4 |       ||     4
       Minor Destruction |       |       |       |     4 |       ||     4
 Abil: Stop Flying       |       |       |     1 |     1 |       ||     2
       Evoke Flight      |       |       |     1 |       |       ||     1
Evoke: Wand              |       |       |       |    16 |     2 ||    18
  Use: Potion            |       |     3 |     4 |     6 |     4 ||    17
       Scroll            |       |     5 |    11 |    14 |     5 ||    35
 Stab: Distracted        |       |       |       |     2 |       ||     2
  Eat: Chunk             |     2 |     5 |    10 |    28 |     7 ||    52
       Meat ration       |       |       |     1 |     1 |       ||     2
       Pizza             |       |       |       |     2 |     1 ||     3
Armor: Leather armour    |    48 |     1 |       |       |       ||    49
       Ring mail         |       |    35 |   130 |   314 |    75 ||   554
       Skin              |       |       |     2 |    18 |       ||    20
Dodge: Dodged            |    99 |   128 |   350 |  1054 |   322 ||  1953
Block: Other             |       |       |       |   161 |    73 ||   234
       Reflection        |       |       |       |     4 |       ||     4
